Map: Catalyst LE

Players

CatZ

  • Race: Zerg Zerg
  • League: Grandmaster
  • Spawn Location: 5:00

Neeb - Winner!

  • Race: Protoss Protoss
  • Spawn Location: 11:00

VOD

Have the link to the VOD?

Description

Time

  • Played on: Feb. 3, 2018, 2:24 p.m.
  • Length: 10:02
Show
View Real Time Build Order
Export as new Build Order

CatZ Zerg 

Build Orders: Hatch First 

Get SALT Encoding   

  12  0:01  Drone  
  13  0:12  Overlord  
  13  0:17  Drone  
  14  0:30  Drone  
  14  0:32  Drone  
  17  0:35  Drone  
  17  0:53  Hatchery  
  17  0:56  Drone  
  17  0:59  Extractor  
  17  1:02  Drone  
  17  1:15  Spawning Pool  
  16  1:19  Drone  
  16  1:22  Drone  
  18  1:30  Drone  
  19  1:41  Overlord  
  19  2:02  Queen, Metabolic Boost  
  19  2:05  Zergling x4  
  23  2:10  Queen  
  23  2:14  Zergling x2  
  26  2:17  Zergling x2  
  26  2:20  Zergling x2  
  28  2:29  Evolution Chamber, Zergling x2  
  28  2:35  Zergling x4  
  30  2:44  Zergling x4  
  32  2:55  Zergling x2  
  32  2:56  Zergling x2  
  34  3:07  Zergling x2  
  34  3:08  Zergling x2  
  34  3:11  Overlord  
  36  3:25  Overlord  
  36  3:33  Zergling x4  
  36  3:34  Zergling x8  
  40  3:38  Zergling x2  
  41  3:45  Zergling x2  
  42  3:50  Zergling x6  
  42  3:55  Zergling x2  
  42  3:59  Zergling x2  
  39  4:06  Drone x2  
  38  4:15  Drone  
  39  4:19  Drone  
  39  4:20  Queen x2  
  44  4:24  Drone x2  
  44  4:26  Drone  
  47  4:34  Zerg Melee Weapons Level 1  
  46  4:48  Overlord  
  46  4:51  Overlord  
  44  4:59  Overlord  
  43  5:00  Spore Crawler  
  43  5:03  Spore Crawler  
  43  5:04  Overlord  
  41  5:12  Drone x2  
  41  5:13  Drone x3  
  45  5:15  Drone  
  45  5:19  Drone  
  45  5:20  Drone  
  48  5:25  Drone x2  
  48  5:28  Drone  
  51  5:30  Drone  
  52  5:39  Drone x3  
  52  5:40  Drone  
  52  5:41  Drone  
  57  5:45  Drone  
  58  5:51  Drone, Baneling Nest  
  58  5:52  Overlord  
  57  6:05  Hatchery  
  57  6:08  Overlord  
  57  6:09  Zergling x4  
  57  6:10  Zergling x2  
  59  6:13  Zergling x4  
  61  6:19  Lair  
  61  6:21  Overlord  
  61  6:25  Overlord  
  61  6:28  Zergling x6  
  61  6:30  Extractor  
  61  6:31  Drone  
  64  6:34  Overlord  
  64  6:45  Drone x2  
  64  6:46  Drone x2  
  68  6:49  Drone x2  
  68  6:50  Drone  
  68  6:51  Extractor x2  
  69  6:56  Zergling x2  
  69  6:59  Baneling x3  
  69  7:00  Baneling x4  
  70  7:03  Baneling  
  70  7:07  Zergling x2  
  70  7:08  Zergling x8  
  75  7:15  Zergling x2  
  74  7:16  Zergling x6  
  74  7:21  Zergling x2  
  74  7:22  Zergling x2  
  76  7:36  Drone x3  
  76  7:37  Drone  
  70  7:38  Zerg Melee Weapons Level 2  
  70  7:40  Infestation Pit, Drone x4  
  72  7:45  Drone  
  72  7:46  Drone x2  
  72  7:47  Drone  
  76  7:52  Drone x2  
  78  7:59  Overlord  
  78  8:00  Drone x3, Queen  
  78  8:01  Spore Crawler  
  82  8:08  Burrow  
  82  8:13  Extractor  
  82  8:16  Pathogen Glands  
  82  8:17  Queen, Extractor  
  79  8:21  Zergling x4  
  81  8:29  Overlord  
  81  8:30  Drone x6  
  87  8:36  Infestor  
  87  8:37  Queen  
  87  8:40  Infestor  
  93  8:47  Infestor  
  95  8:54  Infestor  
  97  8:58  Infestor x2  
  97  9:01  Zergling x8  
  97  9:02  Zergling x10  
  96  9:17  Infestor  
  96  9:19  Zergling x16  
  105  9:37  Overlord  
  105  9:39  Overlord, Baneling x10  
Show
View Real Time Build Order
Export as new Build Order

Neeb Protoss - Winner!

Build Orders: 1 Gate Expand, Oracle Opening, Phoenix Opening, Archon Immortal, Zealot Archon 

Get SALT Encoding   

  12  0:00  Probe  
  13  0:13  Probe  
  14  0:20  Pylon  
  14  0:25  Probe  
  15  0:29  Assimilator  
  15  0:38  Probe (Chrono Boost)  
  16  0:44  Gateway  
  16  0:49  Probe (Chrono Boost)  
  17  0:54  Probe (Chrono Boost)  
  18  1:04  Probe  
  19  1:17  Probe  
  20  1:27  Nexus  
  20  1:34  Cybernetics Core  
  20  1:37  Probe  
  21  1:47  Assimilator  
  21  1:50  Probe  
  22  1:55  Pylon  
  22  2:02  Probe  
  23  2:12  Adept (Chrono Boost)  
  23  2:15  Probe  
  26  2:24  Stargate  
  26  2:27  Probe  
  27  2:30  Adept (Chrono Boost)  
  29  2:37  Warp Gate  
  29  2:39  Probe  
  29  2:42  Probe  
  31  2:49  Adept (Chrono Boost)  
  31  2:51  Probe  
  34  2:54  Probe  
  35  3:04  Gateway  
  36  3:09  Shield Battery  
  36  3:11  Adept (Chrono Boost)  
  35  3:14  Oracle (Chrono Boost)  
  38  3:22  Shield Battery  
  38  3:24  Shield Battery  
  37  3:32  Adept  
  39  3:37  Pylon  
  39  3:44  Pylon  
  39  3:46  Phoenix (Chrono Boost)  
  41  3:49  Probe  
  41  3:51  Probe  
  43  3:57  Pylon  
  43  4:01  Probe  
  44  4:05  Oracle (Chrono Boost)  
  47  4:11  Gateway  
  47  4:12  Probe  
  47  4:15  Probe  
  49  4:24  Probe  
  49  4:27  Probe  
  51  4:32  Assimilator  
  51  4:34  Assimilator  
  51  4:37  Probe  
  52  4:39  Probe  
  52  4:44  Adept  
  55  4:49  Probe  
  55  4:51  Probe  
  56  5:00  Pylon  
  56  5:01  Probe  
  56  5:02  Gateway  
  56  5:04  Probe  
  56  5:05  Gateway  
  58  5:07  Adept  
  58  5:13  Probe  
  61  5:14  Twilight Council  
  61  5:16  Probe  
  61  5:17  Robotics Facility  
  62  5:25  Probe  
  62  5:28  Probe  
  64  5:31  Pylon  
  64  5:33  Adept  
  66  5:36  Pylon  
  66  5:37  Probe  
  66  5:40  Probe  
  68  5:49  Probe  
  69  5:52  Probe  
  69  5:55  Charge  
  70  5:58  Pylon, Nexus  
  70  6:01  Templar Archives  
  70  6:03  Probe  
  71  6:10  Probe  
  72  6:13  Immortal (Chrono Boost)  
  72  6:18  Probe  
  77  6:22  Probe  
  78  6:25  Shield Battery  
  78  6:28  Shield Battery  
  78  6:30  Probe  
  79  6:34  Probe  
  79  6:39  High Templar x2  
  84  6:42  Probe, Psionic Storm, High Templar  
  84  6:43  Immortal (Chrono Boost)  
  84  6:46  Probe  
  93  6:54  Probe  
  93  6:58  Probe, Assimilator  
  94  7:04  Forge, Assimilator  
  94  7:06  Pylon  
  94  7:07  Pylon  
  94  7:10  Probe x2  
  94  7:14  Probe  
  97  7:22  Probe  
  95  7:23  High Templar  
  95  7:24  Zealot x2  
  95  7:25  Archon  
  95  7:28  Archon  
  101  7:31  Immortal  
  101  7:33  Probe  
  101  7:34  Probe x2  
  98  7:41  Protoss Ground Weapons Level 1 (Chrono Boost)  
  98  7:46  Probe x3, Gateway  
  98  7:48  High Templar  
  98  7:49  Gateway  
  103  7:51  Gateway  
  103  7:54  High Templar  
  106  8:01  Shield Battery  
  106  8:03  Shield Battery, Gateway  
  105  8:08  Immortal (Chrono Boost), Gateway  
  109  8:22  High Templar x2  
  113  8:32  Probe x2  
  115  8:38  Photon Cannon  
  115  8:41  Photon Cannon  
  115  8:42  Nexus  
  115  8:44  Immortal (Chrono Boost)  
  115  8:45  Pylon  
  115  8:48  Pylon  
  119  8:49  High Templar  
  119  8:52  Zealot, High Templar  
  125  8:56  Pylon  
  125  8:57  Pylon x2  
  125  9:00  Archon  
  125  9:02  Pylon  
  125  9:05  Zealot x2, High Templar x2  
  133  9:11  Archon  
  133  9:14  Zealot  
  133  9:15  Zealot  
  137  9:17  Immortal  
  137  9:20  Photon Cannon  
  137  9:22  Gateway  
  141  9:25  Gateway  
  141  9:49  Probe x2  
Tags
 
Add a new tag
Caveats
  • Supply blocks, unpowered buildings, or Contaminate may cause inaccurate times.
  • Supply counts are checked every 10 seconds.